 Dungeon Crawl Stone Soup version 0.22-a0-351-g29664b4 (webtiles) character file.

467 vishdafish the Poker (level 7, -1/46 HPs)
             Began as an Octopode Transmuter on Apr 13, 2018.
             Was a Follower of Yredelemnul.
             Slain by a centaur (4 damage)
             ... on level 5 of the Dungeon.
             The game lasted 00:12:21 (6318 turns).

vishdafish the Poker (Octopode Transmuter)          Turns: 6318, Time: 00:12:23

Health: -1/46      AC:  1    Str: 10    XL:     7   Next: 8%
Magic:  6/11       EV: 13    Int: 17    God:    Yredelemnul [*.....]
Gold:   214        SH:  4    Dex: 12    Spells: 9/12 levels left

rFire    . . .     SeeInvis .   l - +0 spear
rCold    . . .     Gourm    +   w - +0 buckler
rNeg     . . .     Faith    .   (helmet restricted)
rPois    .         Spirit   .   s - amulet of the gourmand
rElec    .         Reflect  .   p - ring of protection from magic
rCorr    .         Harm     .   (no ring)
MR       +....                  (no ring)
Stlth    ++........             (no ring)
HPRegen  0.15/turn              (no ring)
MPRegen  0.12/turn              (no ring)
                                (no ring)
                                (no ring)

@: no status effects
A: almost no armour, stealthy swim, amphibious, 8 rings, constrict 8, camouflage
1, gelatinous body 1
a: Animate Remains, Renounce Religion


You were on level 5 of the Dungeon.
You worshipped Yredelemnul.
Yredelemnul was aware of your devotion.
You were not hungry.

You visited 1 branch of the dungeon, and saw 5 of its levels.

You collected 214 gold pieces.

Inventory:

Hand Weapons
 l - a +0 spear (weapon)
 m - a +0 hand axe of electrocution
 y - a +0 falchion
Missiles
 a - 94 arrows
Armour
 w - a +0 buckler (worn)
Jewellery
 p - a ring of protection from magic (left tentacle)
 s - an amulet of the gourmand (around mantle)
Scrolls
 e - a scroll of random uselessness {unknown}
 g - a scroll of magic mapping {unknown}
 h - a scroll of enchant armour {unknown}
 i - a scroll of fog {unknown}
 j - 2 scrolls of immolation {unknown}
 k - 2 scrolls of teleportation
 n - 5 scrolls of remove curse {unknown}
 q - a scroll of blinking {unknown}
 u - a scroll of enchant weapon {unknown}
Potions
 b - 2 potions of curing
 d - a potion of heal wounds
 f - a potion of ambrosia {unknown}
 o - a potion of mutation {unknown}
 r - a potion of cancellation
 t - a potion of might {unknown}
 v - 2 potions of brilliance
 x - a potion of degeneration {unknown}
Comestibles
 c - 3 rations


   Skills:
 + Level 3.2 Fighting
 + Level 3.2 Polearms
 - Level 3.1 Dodging
 + Level 1.5 Shields
 - Level 3.1 Unarmed Combat
 - Level 3.1 Spellcasting
 - Level 3.1 Transmutations
 * Level 1.4 Invocations


You had 9 spell levels left.
You knew the following spells:

 Your Spells              Type           Power        Failure   Level  Hunger
a - Beastly Appendage     Tmut           ##....       7%          1    None
b - Sticks to Snakes      Tmut           ##......     10%         2    ##.....


Dungeon Overview and Level Annotations

Branches:
Dungeon (5/15)
 Temple: D:4-7

Altars:
Ru
Sif Muna
Trog
Uskayaw
Yredelemnul
The Shining One


Innate Abilities, Weirdness & Mutations

You cannot wear most types of armour.
You are very stealthy in the water. (Stealth+)
You are amphibious.
You can wear up to eight rings at the same time.
You can use your tentacles to constrict eight enemies at once.
Your skin changes colour to match your surroundings (Stealth+).
Your rubbery body absorbs attacks. (AC +1, EV +1)


Message History

The centaur is heavily wounded.
The centaur hits you!
* * * LOW HITPOINT WARNING * * *
Your ball python completely misses the centaur.
Your ball python bites the centaur but does no damage.
You block the centaur's attack.
Casting: Sticks to Snakes (safe; 10% risk of failure)
Confirm with . or Enter, or press ? or * to list all spells.
You create a snake!
You now have 94 arrows.
Your ball python barely misses the centaur.
You block the centaur's attack.
Your ball python bites the centaur but does no damage. x2
You hit the centaur but do no damage.
The centaur is heavily wounded.
The centaur hits you!
* * * LOW HITPOINT WARNING * * *
Your ball python barely misses the centaur.
The centaur hits you.
You die...
Your body rises from the dead as a mindless zombie.

#...)..♣♣♣♣.'...
#.......♣)g♣#...
#...#..♣.♣♣♣ ##
##..##♣♣♣♣♣ #..##
##..# ###
#######S..#....
#?......#...#
#.....S@...##
#......c.###
#.......S#
#......#.#
#......#.#####
#.........((.##
#...$!.....<..#
#####........S.....
#(...?.......$.


You could see a centaur and 3 friendly ball pythons.

Vanquished Creatures
  An ogre (D:5)
  A crimson imp (D:4)
  A hound (D:4)
  An orc wizard (D:4)
  Crazy Yiuf (D:5)
  3 worker ants
  6 gnolls
  6 adders
  A worm (D:2)
  4 leopard geckos
  8 orcs
  A ball python (D:4)
  3 giant cockroaches
  4 goblins
  6 hobgoblins
  2 jackals (D:3)
  2 quokkas
  9 bats
  5 frilled lizards
  2 goblin zombies (D:4)
  2 hobgoblin zombies (D:4)
  9 kobolds
  A kobold skeleton (D:4)
  A leopard gecko skeleton (D:4)
  2 orc skeletons (D:4)
  8 rats
90 creatures vanquished.

Vanquished Creatures (collateral kills)
  A worker ant (D:4)
  A leopard gecko (D:5)
  A frilled lizard (D:5)
3 creatures vanquished.

Vanquished Creatures (others)
  An ogre zombie (D:5)
  An orc zombie (D:5)
2 creatures vanquished.

Grand Total: 95 creatures vanquished

Notes
Turn   | Place    | Note
-------+----------+-------------------------------------------
     0 | D:1      | vishdafish the Octopode Transmuter began the quest for the Orb.
     0 | D:1      | Reached XP level 1. HP: 13/13 MP: 3/3
   309 | D:1      | Reached XP level 2. HP: 18/18 MP: 5/5
   946 | D:1      | Reached XP level 3. HP: 23/23 MP: 6/6
  1812 | D:2      | Found a deep blue altar of Sif Muna.
  1893 | D:2      | Reached XP level 4. HP: 23/29 MP: 5/7
  2214 | D:2      | Found a basalt altar of Yredelemnul.
  2214 | D:2      | Found a hide-covered altar of Uskayaw.
  2291 | D:2      | Became a worshipper of Yredelemnul the Dark
  2430 | D:3      | Found a bloodstained altar of Trog.
  2566 | D:3      | Reached skill level 1 in Polearms
  2566 | D:3      | Reached XP level 5. HP: 9/34 MP: 9/9
  3299 | D:3      | Reached * piety under Yredelemnul
  3441 | D:3      | You fall through a shaft!
  3718 | D:4      | Found a glowing golden altar of the Shining One.
  3817 | D:5      | Entered Level 5 of the Dungeon
  3817 | D:5      | Noticed an ogre
  4331 | D:3      | Reached XP level 6. HP: 26/41 MP: 10/10
  5035 | D:4      | Found a sacrificial altar of Ru.
  5386 | D:4      | Learned a level 2 spell: Sticks to Snakes
  5394 | D:4      | Reached skill level 1 in Shields
  6132 | D:5      | Reached skill level 1 in Invocations
  6132 | D:5      | Reached XP level 7. HP: 45/46 MP: 9/11
  6230 | D:5      | Found a runed door.
  6234 | D:5      | Noticed Crazy Yiuf
  6255 | D:5      | Killed Crazy Yiuf
  6318 | D:5      | Slain by a centaur

Vault maps used:
D:1:      dpeg_arrival_renting
D:2:      marbit_many_paths, amethyst_overflow_temple_binary
D:3:      bloody_trog
D:4:      hangedman_ru_absence, nicolae_tso_besieged_by_evil
D:5:      kennysheep_mini_moat, first_ration, uniq_crazy_yiuf_cottage,
          uniq_pikel

Skill      XL: |  1  2  3  4  5  6 |
---------------+-------------------+-----
Fighting       | 2 3 |  3.2
Polearms       | 1 2 3 |  3.2
Dodging        | 3 |  3.1
Transmutations | 3 |  3.1
Spellcasting   | 3 |  3.1
Shields        | 1 |  1.5
Invocations    | 1 |  1.4
Unarmed Combat | |  3.1

Action                   |  1- 3 |  4- 6 |  7- 9 || total
-------------------------+-------+-------+-------++-------
Melee: Unarmed           |    76 |   100 |       ||   176
       Constrict         |    22 |    40 |     1 ||    63
       Tentacles         |     8 |    26 |     1 ||    35
       Punch             |     2 |     1 |       ||     3
       Kick              |     4 |     3 |       ||     7
       Spear             |       |    72 |    30 ||   102
 Cast: Beastly Appendage |     4 |     3 |       ||     7
       Sticks to Snakes  |       |     5 |     9 ||    14
Invok: Animate Remains   |       |     2 |     2 ||     4
  Use: Potion            |     1 |       |     3 ||     4
       Scroll            |       |     4 |       ||     4
 Stab: Sleeping          |     5 |     5 |       ||    10
       Distracted        |       |     2 |       ||     2
  Eat: Chunk             |     2 |    14 |       ||    16
       Ration            |       |     1 |       ||     1
Armor: Skin              |     7 |     7 |     1 ||    15
Dodge: Dodged            |    44 |   111 |    15 ||   170
Block: Buckler           |       |    12 |    12 ||    24

Table legend:
 A = Spawn XP
 B = Non-spawn XP
 C = Spawn XP percentage of total XP
 D = Spawn monster count
 E = Non-spawn monster count
 F = Spawn count percentage of total count
 G = Total turns spent on level
                    A         B        C        D         E        F      G
               +---------+---------+-------+---------+---------+-------+---------
         Total |       0 |     668 |   0.0 |       0 |      93 |   0.0 |  6318
               +---------+---------+-------+---------+---------+-------+---------
           D:1 |       0 |      35 |   0.0 |       0 |      21 |   0.0 |  1215
           D:2 |       0 |      92 |   0.0 |       0 |      18 |   0.0 |  1200
           D:3 |       0 |     149 |   0.0 |       0 |      24 |   0.0 |  1702
           D:4 |       0 |     249 |   0.0 |       0 |      20 |   0.0 |  1976
           D:5 |       0 |     143 |   0.0 |       0 |      10 |   0.0 |   225
               +---------+---------+-------+---------+---------+-------+---------
